 Dungeon Crawl Stone Soup version 0.31.0-11-ge490571c62 (webtiles) character file.

Game seed: 4391936027492438439

49 qw the Shooter (level 3, -4/20 HPs)
             Began as a Deep Elf Hunter on Feb 4, 2024.
             Killed by divine providence
             ... invoked by an orc priest
              (12 damage)
             ... on level 2 of the Dungeon.
             The game lasted 00:00:05 (1739 turns).

qw the Shooter (Deep Elf Hunter)                    Turns: 1739, Time: 00:00:05

Health: -4/20      AC:  5    Str: 10    XL:     3   Next: 53%
Magic:  5/5        EV: 11    Int: 13    God:
Gold:   50         SH:  0    Dex: 18    Spells: 2/2 levels left

rFire   . . .        a - +0 shortbow
rCold   . . .        (shield currently unavailable)
rNeg    . . .        f - +0 ring mail
rPois   .            (no helmet)
rElec   .            (no cloak)
rCorr   .            (no gloves)
SInv    .            (no boots)
Will    .....        (no amulet)
Stlth   +            (no ring)
HPRegen 0.23/turn    (no ring)
MPRegen 0.09/turn

%: no passive effects
@: no status effects
A: no striking features
a: no special abilities


You were on level 2 of the Dungeon.
You visited 1 branch of the dungeon, and saw 3 of its levels.

You collected 50 gold pieces.


   Skills:
 - Level 1.5 Fighting
 + Level 7.1 Ranged Weapons
 - Level 2.4 Dodging
 - Level 1.2 Stealth


You had 2 spell levels left.
You didn't know any spells.
Your spell library was empty.

Inventory:

Hand Weapons
 a - a +0 shortbow (weapon)
Armour
 f - a +0 ring mail (worn)

Dungeon Overview and Level Annotations

Branches:
Dungeon (3/15)

Altars:
Qazlal

Shops:
D:1 :


Message History

The arrow hits the orc but does no damage.
You shoot an arrow.
The arrow hits the orc but does no damage.
You shoot an arrow.
The arrow hits the orc but does no damage.
You shoot an arrow. The arrow hits the orc!
You kill the orc!
Things that are here:
a +0 hand axe; a +4 chain mail; an orc corpse
There is a stone staircase leading down here.
You climb downwards.
You hear the sound of rushing water.
There is an entrance to a sewer on this level.
Hurry and find it before the portal rusts away!
You hear the slow rusting of a drain nearby.
The rat squeaks loudly.
You hear a loud squeak.
The bat hits you but does no damage. x2; The orc hits you but does no damage.
The bat hits you but does no damage. The orc barely misses you.
There is a stone staircase leading up here.
1735 ||| STAIRDANCE The orc hits you with a +0 dagger.
The bat hits you but does no damage. The rat bites you but does no damage.
You climb upwards.
There is a stone staircase leading down here.
You shoot an arrow. The arrow hits the orc priest.
The orc priest is moderately wounded.
The orc priest mumbles some strange prayers to Beogh against you.
Beogh smites you!
Ouch! That really hurt!
The orc closely misses you. The rat bites you.
You shoot an arrow. The arrow hits the orc priest!
The orc priest is severely wounded.
The orc priest barely misses you. The orc hits you but does no damage.
The rat completely misses you.
You shoot an arrow.
The arrow hits the orc priest but does no damage.
The orc priest is severely wounded.
The orc priest invokes the aid of Beogh against you.
Beogh smites you!
Ouch! That really hurt!
You die...

...........###....##########.....
.._..###.### #..### #.#### .....#
#.# #..## ####.#### .....# #.#
##...## #.......# ..#..###.#
#.....# #.......# .........#
#.....# #.......# .....#####
#.....# #........ .##### ##.oo##
#.......# .# #.#@# #.......# .#
### #.#r# #........ .###.## #.#.#
###.##### .##.#.## #.#.# #.#
.....#.# #.#.# #.# ###...## #.#.#
#.# ##.## #.#.# #.# ##.## #...#
#.# #...# #..## #.#


You could see an orc priest, an orc and a rat.

Vanquished Creatures
  An adder (D:2)
  3 dart slugs (D:1)
  2 orcs (D:2)
  A ball python (D:1)
  A bat (D:1)
  3 endoplasms
  2 giant cockroaches
  2 goblins
  3 hobgoblins (D:1)
  2 jackals (D:2)
  A kobold (D:2)
  3 quokkas
  A frilled lizard (D:2)
  3 rats
28 creatures vanquished.

Notes
Turn   | Place    | Note
-------+----------+-------------------------------------------
     0 | D:1      | qw the Deep Elf Hunter began the quest for the Orb.
     0 | D:1      | Reached XP level 1. HP: 12/12 MP: 3/3
     0 | D:1      | 0 ||| qw: Version: 0.3-a-160-g6735b56
     0 | D:1      | 0 ||| qw: Game counter: 5269
     0 | D:1      | 0 ||| qw: Melee chars always use a shield: true
     0 | D:1      | 0 ||| qw: God list: Okawaru
     0 | D:1      | 0 ||| qw: Allow faded altars: false
     0 | D:1      | 0 ||| qw: Do Orc after clearing Dungeon:15 true
     0 | D:1      | 0 ||| qw: Do second Lair branch before Depths: true
     0 | D:1      | 0 ||| qw: Lair rune preference: random
     0 | D:1      | 0 ||| qw: Goals: Normal
     0 | D:1      | 0 ||| PLANNING D:1-11
   155 | D:1      | Found Ciatumem's Book Shoppe.
   169 | D:1      | Reached skill level 6 in Ranged Weapons
   169 | D:1      | Reached XP level 2. HP: 16/16 MP: 4/4
   875 | D:1      | 875 ||| UPGRADING to +0 ring mail.
   885 | D:1      | 885 ||| DROPPING +0 leather armour.
   890 | D:1      | 890 ||| READING 3 scrolls labelled INASUE PIFING.
   890 | D:1      | 890 ||| IDENTIFYING pink potion
   891 | D:1      | 891 ||| READING 2 scrolls of identify.
   891 | D:1      | 891 ||| IDENTIFYING scroll labelled FOLI UXUTOESI
   892 | D:1      | 892 ||| DROPPING scroll of butterflies.
   893 | D:1      | 893 ||| DROPPING scroll of fog.
  1001 | D:2      | Found a stormy altar of Qazlal.
  1070 | D:2      | Reached XP level 3. HP: 20/20 MP: 5/5
  1337 | D:2      | Reached skill level 7 in Ranged Weapons
  1537 | D:2      | 1537 ||| READING scroll of identify.
  1537 | D:2      | 1537 ||| IDENTIFYING ruby potion
  1538 | D:2      | 1538 ||| READING 2 scrolls labelled KODIOT PEBRONN.
  1542 | D:2      | 1542 ||| READING scroll labelled BUCRUV JOWAA.
  1669 | D:3      | 1669 ||| PLANNING SEWER
  1672 | D:3      | 1672 ||| DRINKING potion of curing.
  1672 | D:3      | 1672 ||| (to cure confusion)
  1673 | D:3      | 1673 ||| STAIRDANCE
  1681 | D:2      | HP: 5/20 [orc/+0 hand axe (5)]
  1682 | D:2      | 1682 ||| READING scroll of teleportation.
  1683 | D:2      | 1683 ||| DRINKING potion of heal wounds.
  1735 | D:3      | 1735 ||| STAIRDANCE
  1739 | D:2      | Killed from afar by an orc priest

Levels and vault maps discovered:
D:1:      lightli_molten_gateway, layout_basic, serial_shops, shop
D:2:      layout_loops_ring, basic_altar
D:3:      layout_rooms, gup_sewer_entry_bowl,
          dilly_ecumenical_altar_fadedgnrine, uniq_grinder, uniq_terence

Skill      XL: |  1  2  3 |
---------------+----------+-----
Ranged Weapons | 6 7 |  7.1
Fighting       | |  1.5
Dodging        | |  2.4
Stealth        | |  1.2

Action                     || total
---------------------------++-------
   Fire: Shortbow          ||    80
    Use: Scroll            ||     6
         Potion            ||     2
 Armour: Leather armour    ||     2
         Ring mail         ||    22
  Dodge: Dodged            ||    26

Table legend:
 A = Non-vault XP
 B = Vault XP
 C = Vault XP percentage of total XP
 D = Non-vault monster count
 E = Vault monster count
 F = Vault count percentage of total count
                 A         B        C        D         E       F
            +---------+---------+-------+---------+---------+-------
      Total |      71 |       0 |   0.0 |      28 |       0 |   0.0
            +---------+---------+-------+---------+---------+-------
        D:1 |      34 |       0 |   0.0 |      15 |       0 |   0.0
        D:2 |      37 |       0 |   0.0 |      13 |       0 |   0.0
            +---------+---------+-------+---------+---------+-------
